General information
- name: BNet
- type: Ladder 1vs1/FFA
- host: Battle.net
- saver: Throne[BeA]
map: TerenasStand
- players: 2
- length: 12:36
- speed: Fast
- version: 1.26 W3XP
- replay type: Public
» download(53 KB)
Players
team 1 (winner)
Throne[BeA] (
red | 170 APM | 2139 actions | 12:36)
4 Blademaster
2 Wind Walk
2 Critical Strike
3 Shadow Hunter
1 Hex
2 Healing Wave
» actions
| Assign group hotkey | 23 | |
| Basic commands | 10 | |
| Build / train | 66 | |
| ESC pressed | 4 | |
| Enter build submenu | 11 | |
| Enter hero's abilities submenu | 7 | |
| Give item / drop item | 4 | |
| Right click | 919 | |
| Select / deselect | 283 | |
| Select group hotkey | 706 | |
| Use ability | 106 | |
2139 total
» units
| Peon | 11 | |
| Grunt | 4 | |
| Raider | 3 | |
| Spirit Walker | 3 | |
| Kodo Beast | 2 | |
| Troll Headhunter/Berserker | 1 | |
24 total
» upgrades
| Spirit Walker Training | 1 | |
| Ensnare | 1 | |
| Berserker Strength | 1 | |
| Witch Doctor Training | 1 | |
| Berserker Upgrade | 1 | |
5 total
» buildings
| Altar of Storms | 1 | |
| Orc Burrow | 5 | |
| Barracks | 1 | |
| Voodoo Lounge | 1 | |
| Stronghold | 2 | |
| Spirit Lodge | 1 | |
| Beastiary | 1 | |
| War Mill | 1 | |
| Fortress | 2 | |
15 total
» build order
00:11 Altar of Storms
00:25 Orc Burrow
00:42 Barracks
01:40 Orc Burrow
01:54 Voodoo Lounge
03:19 Stronghold
04:38 Orc Burrow
06:13 Spirit Lodge
06:16 Beastiary
06:55 Orc Burrow
07:51 War Mill
08:30 Fortress
08:30 Fortress
10:00 Orc Burrow
» items
| Healing Salve | 6 | |
| Lesser Clarity Potion | 6 | |
| Scroll of Speed | 2 | |
| Circlet of Nobility | 1 | |
| Boots of Speed | 1 | |
| Potion of Mana | 2 | |
| Orb of Lightning | 1 | |
19 total
team 2 (loser)

»
teCh_viCious (
teal | 101 APM | 1270 actions | 12:34)
2 Death Knight
1 Death Coil
1 Unholy Aura
1 Lich
1 Frost Nova
» actions
| Assign group hotkey | 55 | |
| Basic commands | 4 | |
| Build / train | 36 | |
| Enter build submenu | 11 | |
| Enter hero's abilities submenu | 3 | |
| Right click | 771 | |
| Select / deselect | 255 | |
| Select group hotkey | 68 | |
| Use ability | 67 | |
1270 total
» units
| Acolyte | 5 | |
| Ghoul | 8 | |
| Crypt Fiend | 3 | |
| Obsidian Statue | 4 | |
| Abomination | 1 | |
21 total
» upgrades
» buildings
| Crypt | 1 | |
| Ziggurat | 4 | |
| Altar of Darkness | 1 | |
| Tomb of Relics | 1 | |
| Graveyard | 1 | |
| Nerubian Tower | 1 | |
| Halls of the Dead | 1 | |
| Slaughterhouse | 2 | |
| Black Citadel | 1 | |
13 total
» build order
00:22 Crypt
00:28 Ziggurat
00:36 Altar of Darkness
01:01 Tomb of Relics
01:22 Graveyard
02:02 Ziggurat
02:48 Nerubian Tower
04:14 Halls of the Dead
04:24 Ziggurat
06:05 Ziggurat
06:58 Slaughterhouse
06:58 Slaughterhouse
07:36 Black Citadel
» items
| Rod of Necromancy | 3 | |
| Boots of Speed | 1 | |
| Dust of Appearance | 1 | |
| Orb of Corruption | 1 | |
6 total
Chat log
(03:07 / All) Throne[BeA]: sick coil
(03:13 / All) teCh_viCious: Ty
(03:52 / All) Throne[BeA]: lol..
(03:54 / All) Throne[BeA]: you coiled
(03:55 / All) Throne[BeA]: lvl 1
(03:57 / All) teCh_viCious: got mana
(03:57 / All) Throne[BeA]: are you stupid?
(04:07 / All) Throne[BeA]: LOL..
(04:10 / All) teCh_viCious: :)
(04:19 / All) teCh_viCious: that was for u